 Dungeon Crawl Stone Soup version 0.30-a0-570-g486de37d69 (webtiles) character file.

Game seed: 16926463759765372190

119 sanka the Cudgeller (level 5, -12/54 HPs)
             Began as an Ogre Monk on Dec 29, 2022.
             Mangled by Menkaure (20 damage)
             ... on level 4 of the Dungeon.
             The game lasted 00:03:41 (2289 turns).

sanka the Cudgeller (Ogre Monk)                     Turns: 2289, Time: 00:03:42

Health: -12/54     AC:  3    Str: 17    XL:     5   Next: 3%
Magic:  5/5        EV: 10    Int: 17    God:
Gold:   191        SH:  0    Dex: 11    Spells: 4/4 levels left

rFire   . . .      SeeInvis .    a - +0 mace
rCold   . . .      Faith    .    (no shield)
rNeg    . . .      Spirit   .    b - +0 robe
rPois   .          Reflect  .    (helmet restricted)
rElec   .          Harm     .    (no cloak)
rCorr   .          Rampage  .    (gloves unavailable)
Will    .....                    (boots unavailable)
Stlth   ++                       (no amulet)
HPRegen 0.29/turn                (no ring)
MPRegen 0.09/turn                m - +6 ring of intelligence

@: no status effects
A: large, unfitting armour, tough skin 1
a: no special abilities


You were on level 4 of the Dungeon.
You visited 1 branch of the dungeon, and saw 4 of its levels.

You collected 191 gold pieces.


Innate Abilities, Weirdness & Mutations

You are too large for most types of armour.
You have tough skin. (AC +1)


   Skills:
 - Level 4.0 Fighting
 + Level 5.0 Maces & Flails
 - Level 2.6 Dodging
 - Level 1.4 Stealth


You had 4 spell levels left.
You didn't know any spells.
Your spell library was empty.

Inventory:

Hand Weapons
 a - a +0 mace (weapon)
Armour
 b - a +0 robe (worn)
Jewellery
 m - a +6 ring of intelligence (right hand)
Wands
 o - a wand of charming (10)
Scrolls
 d - 2 scrolls of poison {unknown}
 g - a scroll of immolation {unknown}
 i - a scroll of blinking {unknown}
 j - a scroll of enchant weapon {unknown}
 k - 4 scrolls of identify {unknown}
 l - a scroll of fog {unknown}
 n - a scroll of teleportation {unknown}
Potions
 c - a potion of ambrosia
 e - a potion of degeneration {unknown}
 f - 2 potions of haste {unknown}
 h - a potion of curing {unknown}

Dungeon Overview and Level Annotations

Branches:
Dungeon (4/15)
 Temple: D:4-7

Altars:

Shops:
D:1 :   D:2 (

Annotations:
D:4 Menkaure

▒.'....... ▒.▒....... ▒
▒.▒▒.▒▒▒▒▒▒▒ .▒ ▒▒▒.▒)▒
... ..▒ .▒
▒▒▒...▒.▒▒▒▒▒▒▒▒.▒ .▒
.............>...▒▒.▒
▒▒▒▒.▒▒▒.▒.▒▒▒..▒....▒
.........M..▒..<..▒..▒
....▒▒▒▒.▒O.▒▒.▒..▒..▒
.......▒.▒▒.▒▒.▒.)...▒
.......'.▒▒.▒▒......▒▒▒
..o....▒▒▒▒...........▒
....... ▒▒▒▒.▒.▒..▒.▒▒▒
....... ▒.▒.▒......▒
....... ▒.▒.▒....▒.▒
....... ▒.▒.▒....▒.▒
....... ....▒..▒.▒.▒▒


You could see Menkaure.


Message History

You barely miss the orc.
The orc is lightly wounded.
The orc hits you with a +0 flail.
Unknown command.
Unknown command.
You hit the orc.
The orc is almost dead.
The orc hits you with a +0 flail.
You hit the orc.
You kill the orc!
There is a stone staircase leading up here.
You completely miss Menkaure. Menkaure closely misses you.
You closely miss Menkaure. Menkaure hits you but does no damage.
You hit Menkaure.
Menkaure is lightly damaged.
Menkaure calls on the powers of darkness!
Your body is wracked with pain!
* * * LOW HITPOINT WARNING * * *
You barely miss Menkaure.
Menkaure is lightly damaged.
You barely miss Menkaure.
Menkaure is lightly damaged.
Menkaure hits you!!
* * * LOW HITPOINT WARNING * * *
You sock Menkaure!
Menkaure is heavily damaged.
Menkaure hits you!!
You die...

Action                   |  1- 3 |  4- 6 || total
-------------------------+-------+-------++-------
Melee: Mace              |   126 |    71 ||   197
       Punch             |     1 |       ||     1
 Stab: Sleeping          |     1 |     3 ||     4
Armor: Robe              |    73 |    16 ||    89
Dodge: Dodged            |    95 |    37 ||   132

Levels and vault maps discovered:
D:1:      minmay_arrival_five_plusses, layout_rooms, serial_shops, shop,
          lemuel_flame_loot_1
D:2:      layout_basic, serial_shops, shop_fountains,
          kennysheep_decorative_pillar, minmay_hexomino_p4
D:3:      layout_rooms, shapermc_ecumenical_altar_ellora
D:4:      layout_basic, dancing_weapons_uskayaw, uniq_menkaure

Notes
Turn   | Place    | Note
-------+----------+-------------------------------------------
     0 | D:1      | sanka the Ogre Monk began the quest for the Orb.
     0 | D:1      | Reached XP level 1. HP: 24/24 MP: 1/1
    38 | D:1      | Found Medamuic's Book Shoppe.
   127 | D:1      | Reached skill level 3 in Maces & Flails
   138 | D:1      | Reached XP level 2. HP: 23/32 MP: 2/2
   585 | D:2      | Reached XP level 3. HP: 39/39 MP: 3/3
   612 | D:2      | Found Fuqatorgh's Antique Weapon Shoppe.
   714 | D:2      | Reached skill level 4 in Maces & Flails
  1111 | D:2      | Reached XP level 4. HP: 46/48 MP: 4/4
  1882 | D:3      | Found a faded altar of an unknown god.
  2104 | D:4      | Reached skill level 5 in Maces & Flails
  2104 | D:4      | Reached XP level 5. HP: 7/54 MP: 5/5
  2268 | D:4      | Noticed Menkaure
  2289 | D:4      | Mangled by Menkaure

Vanquished Creatures
  A jelly (D:4)
  An adder (D:2)
  A worm (D:2)
  4 dart slugs
  An orc (D:4)
  3 endoplasms
  3 giant cockroaches
  4 hobgoblins
  6 jackals
  3 quokkas (D:3)
  9 ball pythons
  6 bats
  4 frilled lizards (D:1)
  8 goblins
  4 kobolds
  7 rats
65 creatures vanquished.

Vanquished Creatures (others)
  A frilled lizard (D:1)
1 creature vanquished.

Grand Total: 66 creatures vanquished
